 Dungeon Crawl Stone Soup version 0.28.0-53-g5a82cb258f (webtiles) character file.

Game seed: 4626621490424733503

1133 Acheron the Covered (level 8, 0/48 HPs)
             Began as a Gargoyle Fighter on June 16, 2022.
             Was a Believer of Nemelex Xobeh.
             Slain by a gnoll sergeant
             ... wielding a +0 trident
              (4 damage)
             ... on level 7 of the Dungeon.
             The game lasted 00:22:11 (6286 turns).

Acheron the Covered (Gargoyle Fighter)              Turns: 6286, Time: 00:22:11

Health: 0/48       AC: 14    Str: 20    XL:     8   Next: 36%
Magic:  12/12      EV: 10    Int:  9    God:    Nemelex Xobeh [**....]
Gold:   270        SH:  4    Dex: 11    Spells: 11/12 levels left

rFire   + . .      SeeInvis +   a - +0 war axe
rCold   . . .      Faith    .   c - +0 buckler
rNeg    + . .      Spirit   .   b - +0 scale mail
rPois   ∞          Reflect  .   (no helmet)
rElec   +          Harm     .   (no cloak)
rCorr   .          Rampage  .   g - +0 pair of gloves
Will    .....                   (no boots)
Stlth   +.........              (no amulet)
HPRegen 0.16/turn               u - ring of see invisible
MPRegen 0.13/turn               w - ring of protection from fire

@: no status effects
A: sickness immunity, AC +5, negative energy resistance 1, electricity
resistance, torment resistance 1, petrification resistance
a: Renounce Religion, Draw Escape, Draw Destruction, Draw Summoning


You were on level 7 of the Dungeon.
You worshipped Nemelex Xobeh.
Nemelex Xobeh was pleased with you.
You visited 2 branches of the dungeon, and saw 9 of its levels.

You collected 270 gold pieces.

Inventory:

Hand Weapons
 a - a +0 war axe (weapon)
 n - a +2 dagger of speed
 p - a +1 falchion of holy wrath
Missiles
 e - 74 stones
 q - 2 poisoned darts
 r - 3 curare-tipped darts (quivered)
Armour
 b - a +0 scale mail (worn)
 c - a +0 buckler (worn)
 g - a +0 pair of gloves (worn)
 z - a +0 kite shield
Magical Staves
 h - a staff of air
 k - a staff of fire
Jewellery
 i - a ring of flight
 s - a ring of fire
 u - a ring of see invisible (left hand)
 w - a ring of protection from fire (right hand)
Wands
 v - a wand of acid (9)
 x - a wand of flame (21)
 y - a wand of paralysis (8)
Scrolls
 f - a scroll of teleportation
 t - a scroll of amnesia
Potions
 d - a potion of might
 j - a potion of magic {unknown}
 l - a potion of resistance {unknown}
 m - a potion of curing
 o - 2 potions of heal wounds


   Skills:
 * Level 4.6 Fighting
 + Level 4.3 Axes
 + Level 0.2 Throwing
 * Level 6.0 Armour
 * Level 2.2 Dodging
 * Level 3.2 Stealth
 + Level 4.0 Shields
 * Level 2.8 Spellcasting
 * Level 2.1 Evocations


You had 11 spell levels left.
You knew the following spells:

 Your Spells              Type           Power      Damage    Failure   Level
a - Foxfire               Conj/Fire      4%         2x1d4     71%         1

Your spell library contained the following spells:

 Spells                   Type           Power      Damage    Failure   Level
 Ensorcelled Hibernation  Hex/Ice        2%         N/A       85%         2
 Conjure Flame            Conj/Fire      1%         6-21      97%         3
 Inner Flame              Hex/Fire       1%         N/A       97%         3
 Spider Form              Tmut/Pois      1%         N/A       97%         3
 Anguish                  Hex/Necr       0%         N/A       100%        4
 Flame Wave               Conj/Fire      1%         2d4       100%        4
 Fireball                 Conj/Fire      0%         3d3       100%        5
 Starburst                Conj/Fire      0%         6d3       100%        6
 Ignition                 Fire           0%         3d3       100%        8


Dungeon Overview and Level Annotations

Branches:
Dungeon (8/15)             Temple (1/1) D:4
   Lair: D:8-11

Altars:
Ashenzari
Cheibriados
Dithmenos
Elyvilon
Fedhas
Gozag
Hepliaklqana
Kikubaaqudgha
Makhleb
Nemelex Xobeh
Okawaru
Qazlal
Ru
Sif Muna
Trog
Vehumet
Wu Jian
Xom
Yredelemnul
Zin
The Shining One

Annotations:
D:2 1 runed translucent door, Crazy Yiuf
D:5 exclusion: downstairs


Innate Abilities, Weirdness & Mutations

You are immune to sickness and miasma.
Your stone body is resilient. (AC +5)
You are immune to poison.
You resist negative energy. (rN+)
You are resistant to electric shocks. (rElec)
You are resistant to unholy torment.
You are immune to petrification.


Message History

You now have 270 gold pieces (gained 16).
Found an escape hatch in the ceiling.
You slash the gnoll!
You kill the gnoll!
The gnoll sergeant hits you from afar with a +0 trident.
You see here a +0 club.
The gnoll sergeant hits you with a +0 trident.
The gnoll sergeant misses you.
You see here a +0 club.
The gnoll sergeant hits you but does no damage.
You see here a +0 club.
You hit the gnoll sergeant but do no damage.
The gnoll sergeant hits you with a +0 trident.
You block the gnoll sergeant's attack.
You slash the gnoll sergeant!
The gnoll sergeant is moderately wounded.
The gnoll sergeant barely misses you.
The gnoll shouts!
You hit the gnoll sergeant but do no damage.
The gnoll sergeant is moderately wounded.
You hear a shout!
The gnoll sergeant misses you. The gnoll hits you but does no damage.
You hit the gnoll sergeant.
The gnoll sergeant is moderately wounded.
The gnoll sergeant hits you with a +0 trident!
The gnoll closely misses you.
The gnoll sergeant hits you with a +0 trident!
The gnoll hits you from afar with a +0 spear.
You slash the gnoll sergeant!
The gnoll sergeant is severely wounded.
The gnoll sergeant hits you with a +0 trident.
* * * LOW HITPOINT WARNING * * *
The gnoll hits you from afar with a +0 spear.
* * * LOW HITPOINT WARNING * * *
The gnoll sergeant hits you from afar with a +0 trident.
* * * LOW HITPOINT WARNING * * *
There is an escape hatch in the ceiling here.
The gnoll sergeant hits you from afar with a +0 trident.
You die...
Your body glows slightly and disappears.

#.# # #.. #.#.# #.#.#
####.#.# #########
.......########........
#....g.g..g.........
#..@.#######.#######
#........# #.#
.........# #.#
.........# #.#
.......... ##.#######
........... #.........
........... #..g######
............ #...#
#...#


You could see a gnoll sergeant and 2 gnolls.

Vanquished Creatures
  Menkaure (D:7)
  A necrophage (D:5)
  2 ogres
  A centaur (D:4)
  Blork the orc (D:4)
  A gnoll sergeant (D:6)
  A scorpion (D:6)
  A wight (D:5)
  A howler monkey (D:6)
  A hound (D:7)
  A bullfrog skeleton (D:5)
  5 iguanas
  A hound zombie (D:5)
  A hound skeleton (D:5)
  4 gnolls
  8 adders
  A white imp (D:5)
  An ufetubus (D:5)
  An adder skeleton (D:5)
  2 worms
  A dart slug (D:1)
  2 orcs
  A bat (D:1)
  3 endoplasms
  2 giant cockroaches
  4 hobgoblins
  8 kobolds
  4 quokkas
  8 ball pythons
  6 frilled lizards
  7 goblins
  2 rats (D:1)
84 creatures vanquished.

Notes
Turn   | Place    | Note
-------+----------+-------------------------------------------
     0 | D:1      | Acheron the Gargoyle Fighter began the quest for the Orb.
     0 | D:1      | Reached XP level 1. HP: 14/14 MP: 1/1
   177 | D:1      | Reached XP level 2. HP: 19/19 MP: 2/2
   457 | D:1      | Found a faded altar of an unknown god.
   751 | D:2      | Reached XP level 3. HP: 23/23 MP: 4/4
   843 | D:2      | Found a runed translucent door.
   844 | D:2      | Noticed Crazy Yiuf
  1254 | D:2      | Reached skill level 1 in Stealth
  1254 | D:2      | Reached skill level 1 in Spellcasting
  1254 | D:2      | Reached XP level 4. HP: 28/28 MP: 5/5
  2188 | D:4      | Found a staircase to the Ecumenical Temple.
  2203 | Temple   | Entered the Ecumenical Temple
  2502 | Temple   | Became a worshipper of Nemelex Xobeh the Trickster
  2529 | D:5      | Entered Level 5 of the Dungeon
  2538 | D:4      | Noticed an ogre
  2626 | D:6      | Reached skill level 4 in Armour
  2626 | D:6      | Reached XP level 5. HP: 29/33 MP: 6/6
  2639 | D:5      | Noticed an ogre
  2678 | D:5      | Killed an ogre
  2679 | D:5      | Reached skill level 1 in Dodging
  2727 | D:5      | Reached XP level 6. HP: 17/38 MP: 8/8
  3198 | D:5      | Noticed a necrophage
  3206 | D:5      | Killed a necrophage
  3767 | D:5      | Reached * piety under Nemelex Xobeh
  4454 | D:3      | Received a gift from Nemelex Xobeh
  4537 | D:4      | Noticed Blork the orc
  4550 | D:4      | Killed Blork the orc
  4551 | D:4      | Reached skill level 5 in Armour
  4551 | D:4      | Reached skill level 1 in Evocations
  4551 | D:4      | Reached XP level 7. HP: 42/43 MP: 8/10
  4591 | D:4      | Learned a level 1 spell: Foxfire
  5745 | D:7      | Noticed Menkaure
  5748 | D:7      | Killed Menkaure
  5859 | D:7      | Reached ** piety under Nemelex Xobeh
  5867 | D:7      | Reached XP level 8. HP: 48/48 MP: 11/11
  6179 | D:6      | Reached skill level 6 in Armour
  6286 | D:7      | Slain by a gnoll sergeant

Illustrated notes

Levels and vault maps discovered:
D:1:      matt_arrival_los_fun, layout_basic,
          hellmonk_ecumenical_altar_inner_sanctum, corner_web_ring
D:2:      layout_loops_ring, uniq_crazy_yiuf_cottage
D:3:      layout_loops_ring
D:4:      layout_gridville, minmay_temple_entry_offerings, uniq_blork_the_orc
D:5:      layout_gridville, kennysheep_generic_room_2
D:6:      layout_gridville, serial_glass, glass_columns_c, glass_columns_a
D:7:      layout_basic, nicolae_shop_overcharged_wands, uniq_menkaure
D:8:      layout_loops_ring, mainiacjoe_overflow_cross_hatched
Temple:   mainiacjoe_temple_hex_bubbles

Skill      XL: |  1  2  3  4  5  6  7  8 |
---------------+-------------------------+-----
Axes           | 2 3 4 |  4.3
Stealth        | 1 2 3 |  3.2
Spellcasting   | 1 2 |  2.8
Armour         | 4 5 6 |  6.0
Dodging        | 1 2 |  2.2
Fighting       | 4 |  4.6
Evocations     | 1 2 |  2.1
Shields        | 4 |  4.0
Throwing       | |  0.2

Action                   |  1- 3 |  4- 6 |  7- 9 || total
-------------------------+-------+-------+-------++-------
Melee: War axe           |   103 |   147 |   107 ||   357
Throw: Dart              |       |     3 |     3 ||     6
Invok: Draw Destruction  |       |       |     1 ||     1
  Use: Scroll            |     2 |     5 |     3 ||    10
Armor: Scale mail        |    64 |    79 |    57 ||   200
Dodge: Dodged            |    59 |    76 |    50 ||   185
Block: Buckler           |    36 |    22 |    31 ||    89
